 Dungeon Crawl Stone Soup version 0.24.0-29-g8ce449bc06 (webtiles) character file.

Game seed: 16469753791420097893, levelgen mode: deterministic

5368 night the Geomancer (level 10, -4/65 HPs)
             Began as a Gargoyle Earth Elementalist on Nov 15, 2019.
             Was an Initiate of Gozag.
             Slain by a tengu reaver
             ... wielding a +1 war axe of venom
              (16 damage)
             ... on level 10 of the Dungeon.
             The game lasted 00:33:14 (10930 turns).

night the Geomancer (Gargoyle Earth Elementalist)  Turns: 10930, Time: 00:33:15

Health: -4/65      AC: 14    Str: 11    XL:     10   Next: 65%
Magic:  20/24      EV: 12    Int: 20    God:    Gozag
Gold:   2056       SH:  0    Dex: 10    Spells: 20/29 levels left

rFire    . . .     SeeInvis .   a - +3 mace (drain)
rCold    . . .     Gourm    .   (no shield)
rNeg     + + .     Faith    .   c - +0 robe
rPois    ∞         Spirit   .   (no helmet)
rElec    +         Reflect  .   B - scarf {repulsion}
rCorr    .         Harm     .   m - +1 pair of gloves
MR       .....                  (no boots)
Stlth    ++........             (no amulet)
HPRegen  0.20/turn              o - +3 ring of protection
MPRegen  0.19/turn              T - ring of positive energy

@: repel missiles
A: negative energy resistance 1, electricity resistance, unbreathing,
petrification resistance, rot immunity, AC +7
a: Potion Petition, Call Merchant, Bribe Branch, Renounce Religion


You were on level 10 of the Dungeon.
You worshipped Gozag.
Gozag was most pleased with you.
You were not hungry.

You visited 2 branches of the dungeon, and saw 11 of its levels.
You also visited: Ossuary.

You collected 2115 gold pieces.
You paid 59 gold pieces to Gozag.

Inventory:

Hand Weapons
 a - a +3 mace of draining (weapon)
 b - a +1 whip of electrocution
 j - a +0 whip
 k - a +0 hunting sling
 w - a +0 shortbow
 F - a +2 whip of draining
Missiles
 g - 76 sling bullets
 n - 92 bolts
 q - a throwing net
 x - 15 boomerangs
 y - 252 stones
 D - 127 arrows
 J - 3 curare-tipped darts (quivered)
Armour
 c - a +0 robe (worn)
 m - a +1 pair of gloves (worn)
 B - a scarf of repulsion (worn)
Jewellery
 o - a +3 ring of protection (left hand)
 T - a ring of positive energy (right hand)
Wands
 I - a wand of acid (13)
 L - a wand of iceblast (9)
 S - a wand of paralysis (6)
 U - a wand of flame (31)
Scrolls
 e - 7 scrolls of teleportation
 l - 3 scrolls of remove curse
 p - 8 scrolls of identify
 s - 2 scrolls of fear
 t - 2 scrolls of amnesia {unknown}
 v - a scroll of enchant weapon {unknown}
 E - 2 scrolls of random uselessness
 H - a scroll of torment {unknown}
 M - 3 scrolls of immolation {unknown}
 P - a scroll of magic mapping {unknown}
 Q - a scroll of fog {unknown}
 R - a scroll of holy word {unknown}
Potions
 f - 4 potions of lignification
 h - 2 potions of berserk rage {unknown}
 i - 2 potions of heal wounds {unknown}
 r - 2 potions of cancellation {unknown}
 u - 2 potions of flight {unknown}
 z - 3 potions of ambrosia {unknown}
 A - 2 potions of might {unknown}
 C - 3 potions of degeneration {unknown}
 G - 5 potions of brilliance {unknown}
 K - 4 potions of curing {unknown}
 N - a potion of magic {unknown}
 O - a potion of invisibility {unknown}
Comestibles
 d - 2 rations


   Skills:
 + Level 8.5 Fighting
 - Level 1.4 Maces & Flails
 - Level 1.5 Dodging
 - Level 2.2 Stealth
 * Level 10.0 Spellcasting
   Level 0.7 Transmutations
 + Level 10.1 Earth Magic


You had 20 spell levels left.
You knew the following spells:

 Your Spells              Type           Power        Failure   Level  Hunger
a - Sandblast             Erth           ######       1%          1    None
b - Stone Arrow           Conj/Erth      ####..       2%          3    None
c - Lee's Rapid Deconstr  Erth           ######....   3%          5    ####...

Your spell library contained the following spells:

 Spells                   Type           Power        Failure   Level  Hunger
 Passwall                 Tmut/Erth      ####....     1%          2    None
 Confusing Touch          Hex            ##....       7%          1    None
 Magic Dart               Conj           ##..         7%          1    None
 Petrify                  Tmut/Erth      ####....     8%          4    ##.....
 Confuse                  Hex            ##......     21%         3    None
 Gell's Gravitas          Tloc           ##........   21%         3    None
 Yara's Violent Unravell  Hex/Tmut       ##........   86%         5    ####...
 Metabolic Englaciation   Hex/Ice        ##........   88%         5    ####...


Dungeon Overview and Level Annotations

Branches:
Dungeon (10/15)            Temple (1/1) D:7            Lair (0/6) D:8
Ossuary (visited)
    Orc: D:9-12

Altars:
Ashenzari
Cheibriados
Dithmenos
Elyvilon
Fedhas
Gozag
Hepliaklqana
Kikubaaqudgha
Makhleb
Nemelex Xobeh
Okawaru
Qazlal
Ru
Sif Muna
Trog
Uskayaw
Vehumet
Wu Jian
Xom
Yredelemnul
Zin
The Shining One
Lugonu

Shops:
D:6 [

Annotations:
D:6 3 runed translucent doors, Arum's ghost, novice FoFi; Flugslaktarn's ghost, novice FoFi; Flugslaktarn's ghost, novice MiFi
D:8 Gastronok


Innate Abilities, Weirdness & Mutations

You are resistant to torment.
Your stone body is resilient. (AC +7)
You are immune to poison.
You resist negative energy. (rN+)
You are resistant to electric shocks. (rElec)
You can survive without breathing.
You are immune to petrification.
You are immune to rotting.


Message History

Unknown command.
Casting: Lee's Rapid Deconstruction (safe; 3% risk of failure)
Confirm with . or Enter, or press ? or * to list all spells.
Aiming: Stone Arrow (safe; 2% risk of failure)
Press: ? - help, Shift-Dir - straight line, f/p - tengu reaver
Aim: a tengu reaver, wielding a +1 war axe of venom, wearing a +0 ring mail of positive energy and wearing a +0 buckler (moderately wounded, poisoned)
The tengu reaver blocks the stone arrow.
The tengu reaver hits you with a +1 war axe of venom!!
* * * LOW HITPOINT WARNING * * *
The tengu reaver barely misses you.
The tengu reaver claws you but does no damage.
Evoke which item? (* to show all) (? for menu, Esc to quit)
Aiming: Corrosive Bolt
Press: ? - help, Shift-Dir - straight line, f/p - tengu reaver
Aim: a tengu reaver, wielding a +1 war axe of venom, wearing a +0 ring mail of positive energy and wearing a +0 buckler (moderately wounded, poisoned)
The bolt of acid misses the tengu reaver.
You hear a shout!
The tengu reaver hits you with a +1 war axe of venom!
You die...
Your body crumbles into a pile of gold.

.. ..# ####
######(.##. ...#
#..(....8..$ ...#
#..(##.....$ ...######
####(.## ...$
.....)..########@Q.*##
e$
...####.....##...##.#
...########.>.......#
.........###....#####
########.............
### ##......#####...
..# ##..###..# ..
#.###..####.## #
#......<#...#


You could see a tengu reaver and a battlesphere.

Vanquished Creatures
  Pikel (D:4)
  A troll (D:7)
  A hippogriff (D:9)
  A vampire (D:6)
  A wyvern (D:8)
  A spriggan (D:7)
  A hungry ghost (D:9)
  A water moccasin (D:5)
  An orc warrior (D:8)
  2 phantoms
  3 ogres
  2 ice beasts
  2 sky beasts (D:5)
  3 centaurs
  2 big kobolds
  3 bullfrogs
  A wyvern zombie (D:8)
  3 wights (D:7)
  14 killer bees
  A howler monkey (D:9)
  2 crimson imps (D:6)
  A quasit (D:3)
  5 hounds
  2 centaur skeletons (D:4)
  2 jellies
  A centaur zombie (D:6)
  4 orc wizards
  Crazy Yiuf (D:7)
  3 bullfrog skeletons
  5 iguanas
  Terence (D:2)
  11 worker ants
  A killer bee zombie (D:9)
  A hound skeleton (D:9)
  9 mummies
  13 adders
  7 gnolls
  A shadow imp (D:10)
  An ooze (D:7)
  2 adder zombies (D:9)
  An adder skeleton (D:9)
  2 worms (D:2)
  3 dart slugs
  2 leopard geckos
  19 orcs
  3 ball pythons
  11 bats
  5 giant cockroaches
  6 goblins
  7 hobgoblins
  13 jackals
  7 quokkas
  8 frilled lizards
  A giant cockroach zombie (D:5)
  2 gnoll zombies (Ossuary)
  2 hobgoblin zombies (Ossuary)
  A jackal zombie (D:6)
  13 kobolds
  2 kobold zombies (Ossuary)
  A leopard gecko skeleton (D:7)
  2 orc zombies (Ossuary)
  2 quokka zombies
  5 rats
  2 fungi (D:7)
238 creatures vanquished.

Vanquished Creatures (others)
  An adder (D:4)
  3 fungi (D:4)
  A plant (D:4)
  3 withered plants (D:6)
8 creatures vanquished.

Grand Total: 246 creatures vanquished

Notes
Turn   | Place    | Note
-------+----------+-------------------------------------------
     0 | D:1      | night the Gargoyle Earth Elementalist began the quest for
                  | the Orb.
     0 | D:1      | Reached XP level 1. HP: 10/10 MP: 3/3
   209 | D:1      | Reached XP level 2. HP: 16/16 MP: 3/5
   525 | D:1      | Reached skill level 1 in Fighting
   741 | D:1      | Reached XP level 3. HP: 18/20 MP: 2/6
   794 | D:1      | Learned a level 3 spell: Stone Arrow
  1173 | D:2      | Reached XP level 4. HP: 25/26 MP: 8/8
  1264 | D:2      | Found an opulent altar of Gozag.
  1300 | D:2      | Became a worshipper of Gozag Ym Sagoz the Greedy
  1372 | D:2      | Noticed Terence
  1380 | D:2      | Killed Terence
  1557 | D:2      | Reached XP level 5. HP: 31/31 MP: 9/9
  1669 | D:2      | Reached skill level 5 in Earth Magic
  1895 | D:2      | Found a sparkling altar of Nemelex Xobeh.
  2046 | D:3      | Reached skill level 1 in Maces & Flails
  2201 | D:3      | Reached XP level 6. HP: 37/37 MP: 11/11
  2292 | D:3      | Found a radiant altar of Vehumet.
  2298 | D:3      | Identified Vehumet's Reference Book on Arcane Weapons
  2301 | D:3      | Found an ancient bone altar of Kikubaaqudgha.
  2302 | D:3      | Found a shimmering blue altar of Sif Muna.
  2607 | D:3      | Found a basalt altar of Yredelemnul.
  3319 | D:4      | Found a sacrificial altar of Ru.
  3331 | D:4      | Noticed Pikel
  3331 | D:4      | Noticed a slave
  3337 | D:4      | Noticed a slave
  3345 | D:4      | Killed Pikel
  3345 | D:4      | Reached skill level 5 in Spellcasting
  3345 | D:4      | Reached XP level 7. HP: 37/44 MP: 5/15
  3345 | D:4      | Reached XP level 8. HP: 41/48 MP: 5/16
  3407 | D:4      | Learned a level 5 spell: Lee's Rapid Deconstruction
  3490 | D:4      | Found a hazy altar of Hepliaklqana.
  3729 | D:4      | Reached skill level 5 in Fighting
  4001 | D:4      | Found a glowing golden altar of the Shining One.
  4198 | D:5      | Entered Level 5 of the Dungeon
  4366 | D:5      | Found a glowing silver altar of Zin.
  4749 | D:5      | Reached XP level 9. HP: 51/55 MP: 19/19
  5171 | D:6      | Found a runed translucent gate.
  5171 | D:6      | Found a runed translucent gate.
  5171 | D:6      | Found a runed translucent gate.
  5171 | D:6      | Noticed Flugslaktarn's ghost (novice MiFi)
  5172 | D:6      | Noticed Flugslaktarn's ghost (novice FoFi)
  5172 | D:6      | Noticed Arum's ghost (novice FoFi)
  5403 | D:6      | Found Jas Gaw's Antique Armour Shop.
  5603 | D:6      | Found a bloodstained altar of Trog.
  5604 | D:6      | Found an opulent altar of Gozag.
  6395 | D:7      | Noticed a troll
  6399 | D:7      | Killed a troll
  6797 | D:7      | Found a white marble altar of Elyvilon.
  7335 | D:7      | Reached XP level 10. HP: 63/63 MP: 22/22
  7344 | D:7      | Found a staircase to the Ecumenical Temple.
  7354 | Temple   | Entered the Ecumenical Temple
  7713 | D:7      | Found a runed translucent door.
  7714 | D:7      | Noticed Crazy Yiuf
  7720 | D:7      | Killed Crazy Yiuf
  7870 | D:8      | Found a sand-covered staircase.
  7878 | Ossuary  | Entered an ossuary
  8757 | D:8      | Found a burning altar of Makhleb.
  9081 | D:8      | Found a staircase to the Lair.
  9323 | D:8      | Noticed Gastronok
  9759 | D:9      | Reached skill level 10 in Earth Magic
 10449 | D:9      | Found a blossoming altar of Fedhas.
 10450 | D:9      | Found a sacrificial altar of Ru.
 10524 | D:10     | Entered Level 10 of the Dungeon
 10578 | D:10     | Reached skill level 10 in Spellcasting
 10910 | D:10     | Noticed a tengu reaver
 10911 | D:10     | Noticed a deep elf knight
 10930 | D:10     | Slain by a tengu reaver

Levels and vault maps discovered:
D:1:      minmay_arrival_semitransparent, layout_rooms, minmay_crystal_room
D:2:      layout_loops_ring, overflow_temple_1_default,
          nicolae_gozag_seed_capital, uniq_terence
D:3:      layout_basic, grunt_temple_overflow_magic_moments,
          yredelemnul_altar_generic, minmay_statues_item
D:4:      layout_loops_corners, marbit_many_paths, tso_altar, first_ration,
          minmay_misc_feat_alley, nicolae_ru_the_path_less_chosen, uniq_pikel
D:5:      layout_gridville, old_standard_altar
D:6:      layout_rooms, gammafunk_temple_overflow_statue,
          gammafunk_ghost_cemetery, serial_shops, shop, minmay_misc_feat_cross,
          minivault_11
D:7:      layout_basic, elyvilon_altar_3, minmay_temple_entry_poolview,
          the_bakery, uniq_crazy_yiuf_cottage
D:8:      layout_loops_ring, nicolae_overflow_hidden_temple, lair_entry_dummy,
          gup_ossuary_entry_pyramid, minmay_tree_intersection, uniq_gastronok
D:9:      layout_loops_ring, gammafunk_temple_overflow_pools
D:10:     layout_rooms, jmf_multi_god_temple
Temple:   corrupted_temple

Skill      XL: |  1  2  3  4  5  6  7  8  9 10 |
---------------+-------------------------------+-----
Earth Magic    | 4 5 6 7 9 10 | 10.1
Fighting       | 1 2 3 4 6 7 8 |  8.5
Spellcasting   | 3 5 7 8 10 | 10.0
Maces & Flails | 1 |  1.4
Dodging        | |  1.5
Stealth        | |  2.2
Transmutations | |  0.7

Action                   |  1- 3 |  4- 6 |  7- 9 | 10-12 || total
-------------------------+-------+-------+-------+-------++-------
Melee: Unarmed           |    10 |       |       |       ||    10
       Whip              |    19 |    13 |   171 |   154 ||   357
       Mace              |       |   104 |   114 |    65 ||   283
       Flail             |       |       |    18 |       ||    18
 Fire: Hunting sling     |       |     7 |       |       ||     7
       Shortbow          |       |       |    13 |    42 ||    55
Throw: Stone             |       |     1 |       |       ||     1
       Dart              |       |       |       |     3 ||     3
 Cast: Sandblast         |    35 |    11 |    10 |       ||    56
       Stone Arrow       |     5 |    12 |    23 |    35 ||    75
       Lee's Rapid Decon |       |       |     4 |     8 ||    12
Evoke: Wand              |       |       |       |     6 ||     6
  Use: Scroll            |       |       |       |     9 ||     9
 Stab: Sleeping          |     1 |     3 |     7 |       ||    11
       Distracted        |       |       |     2 |     2 ||     4
  Eat: Chunk             |     2 |     1 |       |       ||     3
       Ration            |       |     2 |     5 |     4 ||    11
Armor: Robe              |    26 |    86 |   138 |   142 ||   392
Dodge: Dodged            |    32 |   115 |   191 |   149 ||   487
       Deflected         |       |       |     1 |     9 ||    10
